 Dungeon Crawl Stone Soup version 0.19-a0-148-g706f639 (webtiles) character file.

37 DarthKuruptios the Caller (level 3, 0/26 HPs)
             Began as a Draconian Summoner on May 18, 2016.
             Was an Initiate of Sif Muna.
             Slain by DarthKuruptios's ghost (2 damage)
             ... on level 3 of the Dungeon.
             The game lasted 00:14:42 (2343 turns).

DarthKuruptios the Caller (Draconian Summoner)      Turns: 2343, Time: 00:14:42

Health: 0/26       AC:  5    Str: 10    XL:     3   Next: 23%
Magic:  2/6        EV: 12    Int: 16    God:    Sif Muna [......]
Gold:   99         SH:  0    Dex: 11    Spells: 2 memorised, 3 levels left

rFire  x . .     SeeInvis .     (no weapon)
rCold  + . .     Gourm    .     (armour unavailable)
rNeg   . . .     Faith    .     (no shield)
rPois  .         Spirit   .     (helmet restricted)
rElec  .         Dismiss  .     (no cloak)
rCorr  .         Reflect  .     (no gloves)
SustAt .         Harm     .     (no boots)
MR     .....                    (no amulet)
Stlth  ++........               j - ring of ice
                                (no ring)

@: not resistant to hostile enchantments, unstealthy
A: unfitting armour, cold-blooded, AC +5
a: Renounce Religion


You were on level 3 of the Dungeon.
You worshipped Sif Muna.
Sif Muna was noncommittal.
You were hungry.

You visited 1 branch of the dungeon, and saw 3 of its levels.

You collected 99 gold pieces.

Inventory:

Jewellery
 j - a ring of ice (right hand)
Scrolls
 e - 2 scrolls of remove curse
Potions
 f - a potion of agility
Books
 a - a book of Callings

   Spells                             Type                      Level
   a - Summon Small Mammal            Summoning                    1
   b - Call Imp                       Summoning                    2
   c - Call Canine Familiar           Summoning                    3
   d - Summon Guardian Golem          Hexes/Summoning              3
   e - Summon Lightning Spire         Summoning/Air                4
   f - Summon Ice Beast               Ice/Summoning                4
Comestibles
 b - a bread ration
 d - a royal jelly


   Skills:
 * Level 2.1 Dodging
 + Level 2.0 Stealth
 + Level 2.2 Spellcasting
 * Level 4.6 Summonings


You had 3 spell levels left.
You knew the following spells:

 Your Spells              Type           Power        Failure   Level  Hunger
a - Summon Small Mammal   Summ           ###.         3%          1    #......
b - Call Imp              Summ           ###.....     6%          2    ###....


Dungeon Overview and Level Annotations

Branches:
Dungeon (3/15)

Altars:
Cheibriados
Kikubaaqudgha
Sif Muna
Trog
Vehumet
Yredelemnul

Annotations:
D:3 DarthKuruptios's ghost, amateur MiMo


Innate Abilities, Weirdness & Mutations

Your plain brown scales are hard (AC +5).
Your body does not fit into most forms of armour.
You are cold-blooded and may be slowed by cold attacks.


Message History

DarthKuruptios's ghost turns its malevolent gaze towards you.
Your crimson imp blinks!
DarthKuruptios's ghost says very slowly, "There's no hope."
DarthKuruptios's ghost says, "There is no future for me!"
You see here 22 sling bullets.
You closely miss DarthKuruptios's ghost.
DarthKuruptios's ghost is severely damaged.
DarthKuruptios's ghost hits you!
Ouch! That really hurt!
You barely miss DarthKuruptios's ghost.
Your tail-slap misses DarthKuruptios's ghost.
DarthKuruptios's ghost is severely damaged.
DarthKuruptios's ghost hits you but does no damage.
You hit DarthKuruptios's ghost but do no damage.
DarthKuruptios's ghost is severely damaged.
DarthKuruptios's ghost barely misses you.
DarthKuruptios's ghost hits you!
* * * LOW HITPOINT WARNING * * *
DarthKuruptios's ghost hits you.
You die...

..........###.#
###.........#.#
#.......#.#.#
#....<÷.#.#.#
#...)...#.#.#
#.......#.#.#
#...÷...#.#.#
#..)....#.#.############
#....÷..#.#...@W.......#
######.##.############(#
#...<).(..........#
####.############## ..!#
####


You could see DarthKuruptios's ghost.

Vanquished Creatures
  An adder (D:2)
  A ball python (D:2)
  3 giant cockroaches
  A goblin (D:3)
  A hobgoblin (D:3)
  3 bats
  A giant newt (D:1)
  2 kobolds
  3 rats
16 creatures vanquished.

Vanquished Creatures (collateral kills)
  A worm (D:3)
  A giant gecko (D:1)
  A ball python (D:1)
  A giant cockroach (D:1)
  6 goblins
  2 hobgoblins
  4 jackals
  A bat (D:1)
  A giant newt (D:1)
  A kobold (D:1)
  3 rats
22 creatures vanquished.

Grand Total: 38 creatures vanquished

Notes
Turn   | Place    | Note
--------------------------------------------------------------
     0 | D:1      | DarthKuruptios the Draconian Summoner began the quest for the Orb.
     0 | D:1      | Reached XP level 1. HP: 14/14 MP: 3/3
   387 | D:1      | Reached XP level 2. HP: 20/20 MP: 1/5
   484 | D:1      | Learned a level 2 spell: Call Imp
  1321 | D:2      | Found an ancient bone altar of Kikubaaqudgha.
  1321 | D:2      | Found a radiant altar of Vehumet.
  1321 | D:2      | Found a snail-covered altar of Cheibriados.
  1321 | D:2      | Found a basalt altar of Yredelemnul.
  1329 | D:2      | Found a bloodstained altar of Trog.
  1329 | D:2      | Found a deep blue altar of Sif Muna.
  1353 | D:2      | Became a worshipper of Sif Muna the Loreminder
  1566 | D:3      | Reached XP level 3. HP: 6/26 MP: 0/6
  2300 | D:3      | Noticed DarthKuruptios's ghost (amateur MiMo)
  2336 | D:3      | HP: 1/26 [DarthKuruptios's ghost (12)]
  2343 | D:3      | Slain by DarthKuruptios's ghost

Vault maps used:
D:1:      dpeg_arrival_ternary
D:2:      minmay_overflow_temple_hex

Skill      XL: |  1  2 |
---------------+-------+-----
Dodging        | 2 |  2.1
Stealth        | 2 |  2.0
Spellcasting   | |  2.2
Summonings     | |  4.6

Action                   || total
-------------------------++-------
Melee: Unarmed           ||   122
       Tailslap          ||    13
 Cast: Summon Small Mamm ||    26
       Call Imp          ||    11
  Use: Scroll            ||     7
       Potion            ||     1
 Stab: Distracted        ||     1
  Eat: Chunk             ||     5
Armor: Skin              ||    76
Dodge: Dodged            ||   183
